 Dungeon Crawl Stone Soup version 0.16-a0-2757-g883b90a (webtiles) character file.

83510 stonewall the Carver (level 15, -1/115 HPs)
             Began as a Mummy Arcane Marksman on Nov 28, 2014.
             Was the Champion of Okawaru.
             Killed from afar by a raiju (11 damage)
             ... with a living lightning
             ... on level 1 of the Abyss.
             The game lasted 01:04:04 (33018 turns).

stonewall the Carver (Mummy Arcane Marksman)       Turns: 33018, Time: 01:04:05

Health: -1/115     AC: 29    Str: 21    XL:     15   Next: 32%
Magic:  18/18      EV:  2    Int: 15    God:    Okawaru [******]
Gold:   2507       SH: 14    Dex: 11    Spells: 1 memorised, 15 levels left

rFire  + . .     SeeInvis .     a - +4 demon blade (drain) {i hate this game}
rCold  . . .     Clarity  .     Q - +0 crystal plate armour
rNeg   + + +     SustAb   +     i - +2 shield {rF+}
rPois  ∞         Gourm    .     h - +2 helmet {Int+3}
rElec  .         Spirit   .     R - +1 cloak {+Inv}
rCorr  .         Warding  .     q - +3 pair of gauntlets of War {Slay+5, i hate this game...}
rMut   .         Stasis   .     E - +1 pair of boots
MR     +....                    d - amulet of the Forgotten Curses {Faith Str+2 Slay+4, hate}
Stlth  ..........               o - ring of sustain abilities
                                F - ring of fire

@: very slightly contaminated, hasted, invisible, very quick, somewhat resistant
to hostile enchantments, extremely unstealthy
A: no food or potions, fire vulnerability, in touch with death, restore body,
cold resistance 1, negative energy resistance 3, poison resistance, torment
resistance, unbreathing
a: Self-Restoration, Heroism, Finesse, Renounce Religion


You were on level 1 of the Abyss.
You worshipped Okawaru.
Okawaru was exalted by your worship.
You were not hungry.

You visited 3 branches of the dungeon, and saw 26 of its levels.
You visited the Abyss 1 time.
You also visited: Labyrinth, Bailey and Volcano.

You collected 3042 gold pieces.
You spent 535 gold pieces at shops.

Inventory:

Hand weapons
 a - a +4 demon blade of draining (weapon) {i hate this game}
 z - the +0 short sword "Usirhed" {flame, rC+ SInv}
   (Okawaru gifted it to you on level 4 of the Lair of Beasts)

   It emits flame when wielded, causing extra injury to most foes and up to
   double damage against particularly susceptible opponents.
   It protects you from cold.
   It enhances your eyesight.
 V - a +4 blowgun
 Z - the +6 double sword of Fate {slice, *Tele rF+ MR++ Str+1, !w CAUTION}
   (Okawaru gifted it to you on level 4 of the Orcish Mines)

   It inflicts extra damage upon your enemies.
   It affects your strength (+1).
   It protects you from fire.
   It affects your resistance to hostile enchantments.
   It causes random teleportation.
Missiles
 b - 29 poisoned needles
 U - 10 curare-tipped needles
Armour
 h - a +2 helmet of intelligence (worn)
 i - a +2 shield of fire resistance (worn)
 q - the +3 pair of gauntlets of War (worn) {Slay+5, i hate this game...}
   (You found it on level 4 of the Dungeon)

   It affects your accuracy and damage with ranged weapons and melee attacks
   (+5).
 u - the +0 shield of Okawaru's Scorn {rC+ rN+ Stlth+}
   (Okawaru gifted it to you on level 3 of the Lair of Beasts)

   It protects you from cold.
   It protects you from negative energy.
   It makes you more stealthy.
 E - a +1 pair of boots (worn)
 Q - a +0 crystal plate armour (worn)
 R - a +1 cloak of invisibility (worn)
Rods
 S - a +2 rod of destruction (12/12)
   (You found it on level 12 of the Dungeon)
Jewellery
 c - a +4 ring of strength
 d - the amulet of the Forgotten Curses (around neck) {Faith Str+2 Slay+4, hate}
   (You acquired it on level 3 of the Lair of Beasts)

   [amulet of faith]

   It allows you to gain divine favour quickly.
   It affects your strength (+2).
   It affects your accuracy and damage with ranged weapons and melee attacks
   (+4).
 k - an uncursed amulet of regeneration
 m - an uncursed amulet of stasis
 n - an uncursed ring of teleportation
 o - a ring of sustain abilities (right hand)
 r - an uncursed ring of protection from magic
 F - a ring of fire (left hand)
 G - an uncursed amulet of resist corrosion
 L - an uncursed ring of magical power
 X - an uncursed ring of ice
Magical devices
 j - a wand of magic darts (15)
 p - a wand of enslavement (15)
 v - a wand of cold (0)
 w - a wand of digging (5)
 x - a wand of disintegration (4)
 B - a wand of digging (6)
 C - a wand of digging (17)
 J - a wand of hasting (3)
 M - a wand of fire (0)
Scrolls
 f - 6 scrolls of recharging
 g - 2 scrolls of identify
 l - 3 scrolls of enchant armour
 t - 2 scrolls of magic mapping
 H - 6 scrolls of remove curse
 K - 2 scrolls of fog
 N - 7 scrolls of enchant weapon
 P - a scroll of amnesia
Books
 e - a book of Necromancy

   Spells                             Type                      Level
   Pain                               Necromancy                   1
   Animate Skeleton                   Necromancy                   1
   Vampiric Draining                  Necromancy                   3
   Regeneration                       Charms/Necromancy            3
   Animate Dead                       Necromancy                   4
   Control Undead                     Necromancy                   4
 A - a book of Frost

   Spells                             Type                      Level
   Freeze                             Ice                          1
   Throw Frost                        Conjuration/Ice              2
   Ozocubu's Armour                   Charms/Ice                   3
   Throw Icicle                       Conjuration/Ice              4
   Summon Ice Beast                   Ice/Summoning                4
   Condensation Shield                Ice                          4
 T - a book of Burglary

   Spells                             Type                      Level
   Swiftness                          Charms/Air                   2
   Passwall                           Transmutation/Earth          3
   Passage of Golubria                Translocation                4
   Lee's Rapid Deconstruction         Earth                        5
   Invisibility                       Hexes                        6
   Darkness                           Hexes                        7
Miscellaneous
 D - a lamp of fire


   Skills:
 - Level 10.2 Fighting
 - Level 10.0(12.7) Short Blades
 - Level 12.9(14.1) Long Blades
   Level 1.6 Slings
 - Level 5.5 Armour
 - Level 1.5 Dodging
 + Level 12.3 Shields
 - Level 1.0 Spellcasting
 - Level 6.0 Hexes


You had 15 spell levels left.
You knew the following spells:

 Your Spells              Type           Power        Failure   Level  Hunger
a - Corona                Hex            ###....      100%        1    N/A

Dungeon Overview and Level Annotations

Branches:
Dungeon (14/15)            Temple (0/1) D:7            Lair (8/8) D:10
 Shoals (0/5) Lair:4        Snake (0/5) Lair:6        Slime (0/6) Lair:7
    Orc (4/4) D:12            Elf (0/3) Orc:3        Vaults (0/5) D:13

Altars:
Ashenzari
Dithmenos
Elyvilon
Kikubaaqudgha
Okawaru
Qazlal
Ru
Sif Muna
Vehumet
Yredelemnul
The Shining One
Beogh
Jiyva

Shops:
D:4 :   D:10 [   Orc:4 (}%!

Annotations:
D:4 exclusion: downstairs
D:5 runed door, exclusion: downstairs
D:14 Louise
Lair:2 exclusion: downstairs


Innate Abilities, Weirdness & Mutations

You do not eat or drink.
Your flesh is vulnerable to fire.
You are in touch with the powers of death.
You can restore your body by infusing magical energy.
Your flesh is cold resistant.
You are immune to negative energy.
Your system is resistant to poisons.
You are immune to unholy pain and torment.
You can survive without breathing.


Message History

The raiju evaporates and reforms as an octopode!
The raiju is engulfed in seething chaos.
The raiju bursts into living lightning!
The living lightning hits you!
* * * LOW HITPOINT WARNING * * *
The raiju blinks!
You block the raiju's attack.
The raiju bursts into living lightning!
The living lightning hits you!
* * * LOW HITPOINT WARNING * * *
The raiju blinks!
Evoke which item? (* to show all) (? for menu, Esc to quit)
Okay, then.
The raiju bursts into living lightning!
The living lightning hits you!
* * * LOW HITPOINT WARNING * * *
The raiju blinks! x2
The raiju bursts into living lightning!
The living lightning hits you!
You die...

. ..#
......##........#
......................
. .
..................# #
..................#.
..# .................#
.# ...(.h..........#.#
.
..........h.......##.
##......##.........
........@........#
.................
..#.....#.....#.
##...###...## # #....
....# ...... ....
..... ... .... .


You could see 2 raiju.

Vanquished Creatures
  An orc warlord (Orc:2)
  Gastronok (Lair:2)
  The ghost of asdu the Severer, a powerful MiBe of Trog (Orc:4)
  Snorg (Orc:2)
  A minotaur (Lab)
  2 hydras
  4 vault guards (D:13)
  Fannar (Orc:2)
  Harold (Orc:2)
  A centaur warrior (D:13)
  2 death yaks (Lair:4)
  Urug (Orc:4)
  3 orc high priests
  A wizard (D:14)
  An unseen horror (D:13)
  Pikel (D:9)
  4 hill giants
  2 griffons
  7 orc knights
  4 orc sorcerers
  An ugly thing (D:12)
  2 manticores
  2 sixfirhies
  A sphinx skeleton (Volcano)
  16 elephants
  6 black mambas
  Joseph (Orc:4)
  16 spiny frogs
  2 torpor snails
  An orange demon (Orc:4)
  3 centaur skeletons
  A gargoyle (Lab)
  9 komodo dragons
  A hellwing (Orc:4)
  A fire drake (Lair:6)
  10 trolls
  A spriggan druid (Lair:7)
  A guardian mummy (Volcano)
  A jumping spider (Lair:7)
  4 wandering mushrooms (Lab)
  4 polar bears
  Sonja (D:10)
  4 slime creatures (D:11)
  19 blink frogs
  Prince Ribbit (D:9)
  2 boulder beetles
  A blue devil (Orc:2)
  3 wyverns
  A trapdoor spider (Lab)
  A flying skull (Volcano)
  6 redbacks
  A basilisk (Lair:1)
  4 deep elf magi
  3 vampires (Volcano)
  4 spriggans (Lair:8)
  A hog (D:11)
  A human (D:11)
  Eustachio (D:6)
  A steam dragon (Lair:2)
  27 yaks
  A wolf (shapeshifter) (D:13)
  11 hippogriffs
  26 wolves
  A warg (Orc:2)
  16 water moccasins
  3 hungry ghosts
  A mottled dragon (D:12)
  4 nagas (Lair:6)
  12 porcupines
  8 ogres
  A swamp drake (D:12)
  4 black bears
  3 merfolk skeletons (Volcano)
  11 ice beasts
  32 orc warriors
  A slave (D:9)
  2 yellow wasps (Lair:8)
  2 orc zombies (Orc:4)
  2 necrophages (D:9)
  3 sky beasts
  A phantom (D:12)
  2 eyes of draining
  4 centaurs
  3 manticore skeletons (Volcano)
  8 crocodiles
  A water moccasin zombie (D:9)
  A wyvern skeleton (D:9)
  30 giant frogs
  3 scorpions
  2 electric eels
  A small abomination (Abyss:1)
  A killer bee (D:9)
  A troll skeleton (Volcano)
  A goliath beetle (D:6)
  17 wights
  22 orc priests
  2 centaur zombies
  2 giant frog zombies
  3 quasits
  7 crimson imps
  12 hounds
  3 giant frog skeletons
  Crazy Yiuf (D:4)
  7 jellies
  2 two-headed ogre skeletons (Volcano)
  38 orc wizards
  12 iguanas
  9 worker ants
  A killer bee zombie (D:9)
  An ogre skeleton (Volcano)
  14 sheep
  3 mummies
  A hound skeleton (D:9)
  30 adders
  56 river rats
  17 gnolls
  6 worms
  A giant mite (D:7)
  4 shadow imps
  3 adder skeletons
  6 giant geckos
  141 orcs
  A bat skeleton (D:5)
  A bat zombie (D:5)
  6 giant cockroaches
  22 hobgoblins
  18 jackals
  12 kobolds
  14 quokkas
  6 ball pythons
  18 bats
  A giant cockroach zombie (D:5)
  A giant gecko zombie (D:6)
  2 giant newts
  2 giant spores (D:8)
  21 goblins
  18 rats
  3 ballistomycetes (D:8)
  A starspawn tentacle (Abyss:1)
977 creatures vanquished.

Vanquished Creatures (others)
  3 slaves (D:9)
  9 fungi
  5 plants
  A starspawn tentacle (Abyss:1)
  3 starspawn tentacle segments (Abyss:1)
21 creatures vanquished.

Grand Total: 998 creatures vanquished

Notes
Turn   | Place    | Note
--------------------------------------------------------------
     0 | D:1      | stonewall, the Mummy Arcane Marksman, began the quest for the Orb.
     0 | D:1      | Reached XP level 1. HP: 15/15 MP: 2/2
   151 | D:1      | Reached XP level 2. HP: 19/22 MP: 3/3
   859 | D:1      | Reached XP level 3. HP: 28/28 MP: 4/4
  1171 | D:2      | Found an ancient bone altar of Kikubaaqudgha.
  1225 | D:2      | Reached skill level 3 in Fighting
  1417 | D:2      | Found a shattered altar of Ashenzari.
  1417 | D:2      | Found a radiant altar of Vehumet.
  1449 | D:2      | Found a deep blue altar of Sif Muna.
  1792 | D:2      | Found a white marble altar of Elyvilon.
  1797 | D:2      | Reached XP level 4. HP: 37/37 MP: 5/5
  1931 | D:3      | Reached skill level 1 in Short Blades
  2406 | D:3      | Reached XP level 5. HP: 38/42 MP: 7/7
  3019 | D:4      | Found Klazagg's Book Emporium.
  3285 | D:4      | Found a glowing golden altar of the Shining One.
  3337 | D:4      | Noticed a phantom
  3395 | D:5      | Entered Level 5 of the Dungeon
  3434 | D:5      | Found a basalt altar of Yredelemnul.
  3641 | D:5      | Noticed a centaur
  3657 | D:5      | Killed a centaur
  3657 | D:5      | Reached skill level 4 in Short Blades
  3657 | D:5      | Reached XP level 6. HP: 18/48 MP: 8/8
  3892 | D:5      | Found a large runed door.
  3893 | D:5      | Found a large runed door.
  3905 | D:5      | Found a large runed door.
  3905 | D:5      | Found a large runed door.
  4725 | D:4      | Noticed Crazy Yiuf
  4774 | D:4      | Killed Crazy Yiuf
  4971 | D:4      | Reached skill level 5 in Short Blades
  4971 | D:4      | Reached XP level 7. HP: 53/53 MP: 9/9
  5837 | D:6      | Noticed Eustachio
  6148 | D:5      | Found a stormy altar of Qazlal.
  6364 | D:4      | HP: 2/53 [wight/enchanted flail (8)]
  6414 | D:3      | Reached skill level 6 in Short Blades
  6936 | D:6      | Killed Eustachio
  6936 | D:6      | Reached XP level 8. HP: 48/60 MP: 10/10
  7046 | D:6      | Reached skill level 7 in Short Blades
  7049 | D:6      | Got a spiked leather armour
  7050 | D:6      | Identified the cursed +2 leather armour "Stihee" {Str+1 Int-4} (You found it on level 6 of the Dungeon)
  7543 | D:6      | Found a sacrificial altar of Ru.
  7708 | D:6      | Reached skill level 8 in Short Blades
  8284 | D:7      | Found an iron altar of Okawaru.
  8299 | D:7      | Became a worshipper of Warmaster Okawaru
  8650 | D:7      | Found a staircase to the Ecumenical Temple.
  8883 | D:7      | Reached skill level 9 in Short Blades
  9303 | D:8      | Reached XP level 9. HP: 56/65 MP: 11/11
 10026 | D:8      | Acquired Okawaru's first power
 10887 | D:9      | Reached skill level 10 in Short Blades
 10932 | D:9      | Reached skill level 1 in Armour
 11099 | D:9      | Noticed Prince Ribbit
 11115 | D:9      | Killed Prince Ribbit
 11327 | D:9      | Noticed Pikel
 11377 | D:9      | Killed Pikel
 11377 | D:9      | Reached skill level 5 in Fighting
 11517 | D:9      | Reached XP level 10. HP: 44/76 MP: 13/13
 11814 | D:10     | Entered Level 10 of the Dungeon
 11821 | D:10     | HP: 1/77 [wyvern (5)]
 12515 | D:9      | Got a bloodstained flail
 12519 | D:9      | Identified the +12 flail of Doom {crush, Stlth+} (You found it on level 9 of the Dungeon)
 12730 | D:9      | Reached skill level 1 in Long Blades
 13206 | D:10     | Found a staircase to the Lair.
 13241 | D:10     | Found Pitegg's Antique Armour Boutique.
 13245 | D:10     | Noticed Sonja
 13279 | D:10     | Killed Sonja
 13487 | D:10     | Received a gift from Okawaru
 13602 | D:10     | Bought a runed helmet for 130 gold pieces
 13602 | D:10     | Bought a glowing cloak for 130 gold pieces
 13631 | D:10     | Bought a slimy chain mail for 275 gold pieces
 13642 | D:10     | Identified the +3 chain mail of Skiulotu {Str+3 Int+3} (You bought it in a shop on level 10 of the Dungeon)
 14229 | Lair:1   | Entered Level 1 of the Lair of Beasts
 14352 | Lair:1   | Received a gift from Okawaru
 14374 | Lair:1   | You fall through a shaft!
 14509 | Lair:2   | Found a frozen archway.
 14561 | Lair:2   | Reached XP level 11. HP: 64/87 MP: 14/14
 14863 | Lair:2   | Noticed a black mamba
 14890 | Lair:2   | Killed a black mamba
 15012 | Lair:2   | Noticed Gastronok
 15123 | Lair:1   | Reached skill level 10 in Fighting
 15489 | Lair:1   | Acquired Okawaru's second power
 16131 | Lair:2   | Reached skill level 5 in Long Blades
 16188 | Lair:2   | Received a gift from Okawaru
 16214 | Lair:2   | Noticed a black mamba
 16231 | Lair:2   | Killed a black mamba
 16828 | Lair:2   | Killed Gastronok
 16828 | Lair:2   | Reached skill level 5 in Hexes
 17490 | Lair:3   | Noticed a catoblepas
 17763 | Lair:3   | Identified a scroll of acquirement
 17764 | Lair:3   | Got a steaming lead amulet
 17765 | Lair:3   | Identified the amulet of the Forgotten Curses {Faith Str+2 Slay+4} (You acquired it on level 3 of the Lair of Beasts)
 17785 | Lair:3   | Noticed a five-headed hydra
 17793 | Lair:3   | Killed a five-headed hydra
 17793 | Lair:3   | Received a gift from Okawaru
 17793 | Lair:3   | Reached XP level 12. HP: 93/97 MP: 15/15
 17797 | Lair:3   | Got a translucent shield {god gift}
 17808 | Lair:3   | Identified the +0 shield of Okawaru's Scorn {rC+ rN+ Stlth+} (Okawaru gifted it to you on level 3 of the Lair of Beasts)
 18593 | Lair:4   | Noticed a four-headed hydra
 18603 | Lair:4   | Reached skill level 1 in Shields
 18606 | Lair:4   | Killed a four-headed hydra
 18606 | Lair:4   | Reached skill level 5 in Armour
 19469 | Lair:4   | Reached skill level 5 in Shields
 19646 | Lair:4   | Found a staircase to the Shoals.
 19935 | Lair:4   | Received a gift from Okawaru
 19969 | Lair:4   | Got a steaming short sword {god gift}
 19970 | Lair:4   | Identified the +0 short sword "Usirhed" {flame, rC+ SInv} (Okawaru gifted it to you on level 4 of the Lair of Beasts)
 20544 | Lair:5   | Received a gift from Okawaru
 21128 | Lair:5   | Reached XP level 13. HP: 89/103 MP: 16/16
 21271 | Lair:6   | Found a labyrinth entrance.
 21279 | Lab      | Entered a labyrinth
 21863 | Lair:6   | Received a gift from Okawaru
 22325 | Lair:6   | Reached skill level 10 in Shields
 22345 | Lair:6   | Found a staircase to the Snake Pit.
 23382 | Lair:7   | Received a gift from Okawaru
 23473 | Lair:7   | Found a viscous altar of Jiyva.
 23476 | Lair:7   | Found a staircase to the Slime Pits.
 24353 | Lair:8   | Entered Level 8 of the Lair of Beasts
 24843 | Lair:8   | Received a gift from Okawaru
 24854 | Lair:8   | Reached XP level 14. HP: 92/110 MP: 18/18
 24985 | Lair:8   | Reached skill level 10 in Long Blades
 26159 | D:11     | Noticed a hill giant
 26165 | D:11     | Killed a hill giant
 26549 | D:11     | Reached skill level 11 in Long Blades
 26863 | D:12     | Found a flagged portal.
 26871 | Bailey   | Entered a bailey
 27559 | D:12     | Identified a +2 rod of destruction (12/12) (You found it on level 12 of the Dungeon)
 27600 | D:12     | Found a staircase to the Orcish Mines.
 27995 | Orc:1    | Entered Level 1 of the Orcish Mines
 28105 | Orc:2    | Noticed Harold
 28119 | Orc:2    | Killed Harold
 28234 | Orc:2    | Found a dark tunnel.
 28304 | Volcano  | Entered a volcano
 28623 | Orc:2    | Noticed Fannar
 28641 | Orc:2    | Killed Fannar
 28641 | Orc:2    | Reached skill level 12 in Long Blades
 28708 | Orc:2    | Noticed an orc warlord
 28717 | Orc:2    | Received a gift from Okawaru
 28723 | Orc:2    | Killed an orc warlord
 28970 | Orc:2    | Noticed Snorg
 28989 | Orc:2    | Killed Snorg
 29066 | Orc:2    | Found a roughly hewn altar of Beogh.
 29677 | Orc:4    | Entered Level 4 of the Orcish Mines
 29719 | Orc:4    | Noticed asdu's ghost (powerful MiBe)
 29746 | Orc:4    | Killed asdu's ghost
 29922 | Orc:4    | Noticed Joseph
 29936 | Orc:4    | Noticed Urug
 29938 | Orc:4    | Killed Joseph
 29946 | Orc:4    | Killed Urug
 30313 | Orc:4    | Found Wiacwiabb's Antique Weapon Shop.
 30345 | Orc:4    | Paralysed by an orc sorcerer for 4 turns
 30361 | Orc:4    | Reached XP level 15. HP: 35/115 MP: 18/18
 30381 | Orc:4    | Found Papraa's Gadget Shoppe.
 30811 | Orc:4    | Found Sucengar's Distillery.
 30838 | Orc:4    | Received a gift from Okawaru
 30850 | Orc:4    | Got an ivory double sword {god gift}
 30851 | Orc:4    | Identified the +6 double sword of Fate {slice, *Tele rF+ MR++ Str+1} (Okawaru gifted it to you on level 4 of the Orcish Mines)
 31581 | Orc:3    | Found a staircase to the Elven Halls.
 31683 | Orc:4    | Found Mnozxat's Food Shoppe.
 31886 | D:13     | Found a shadowy altar of Dithmenos.
 32128 | D:13     | Found a gate to the Vaults.
 32553 | D:13     | Got a slimy great sword
 32554 | D:13     | Identified the +2 great sword of the People {slice, Str+2 SInv Stlth+} (You found it on level 13 of the Dungeon)
 32855 | D:14     | Found a white marble altar of Elyvilon.
 32891 | D:14     | Noticed Louise
 32895 | D:14     | Cast into the Abyss (Louise)
 32931 | Abyss:1  | Noticed a tentacled starspawn
 32945 | Abyss:1  | Found a corrupted altar of Lugonu.
 33018 | Abyss:1  | Killed from afar by a raiju

Action                   |  1- 3 |  4- 6 |  7- 9 | 10-12 | 13-15 || total
-------------------------+-------+-------+-------+-------+-------++-------
Melee: Dagger            |       |   417 |   877 |   651 |       ||  1945
       Rapier            |       |       |       |   619 |   335 ||   954
       Short sword       |       |       |       |    42 |       ||    42
       Falchion          |       |       |       |    36 |       ||    36
       Demon blade       |       |       |       |       |  1228 ||  1228
       Long sword        |       |       |       |       |    55 ||    55
       Scimitar          |       |       |       |       |    56 ||    56
       Double sword      |       |       |       |       |    13 ||    13
 Fire: Hunting sling     |   165 |     5 |     3 |       |       ||   173
       Blowgun           |       |     7 |     2 |    18 |       ||    27
Throw: Stone             |       |       |     2 |       |       ||     2
Invok: Heroism           |       |       |       |       |     2 ||     2
 Abil: Evoke Teleportati |       |       |       |       |     3 ||     3
Evoke: Wand              |       |       |     2 |    12 |    11 ||    25
       Lamp of fire      |       |       |       |       |     2 ||     2
  Use: Scroll            |       |     7 |     4 |    16 |    15 ||    42
 Stab: Paralysed         |       |       |     1 |       |       ||     1
